 Dungeon Crawl Stone Soup version 0.27-a0-124-g19cb506db8 (webtiles) character file.

Game seed: 7376923954265119062

96 sahdkjhfkaj the Poker (level 4, -4/35 HPs)
             Began as a Merfolk Gladiator on Jan 25, 2021.
             Killed by divine providence
             ... invoked by an orc priest
              (13 damage)
             ... on level 3 of the Dungeon.
             The game lasted 00:03:01 (2516 turns).

sahdkjhfkaj the Poker (Merfolk Gladiator)           Turns: 2516, Time: 00:03:02

Health: -4/35      AC:  4    Str: 14 (15) XL:     4   Next: 67%
Magic:  4/4        EV: 14    Int:  4 (7)  God:
Gold:   52         SH:  0    Dex: 12 (15) Spells: 3/3 levels left

rFire    . . .     SeeInvis .   a - +0 trident
rCold    . . .     Faith    .   (no shield)
rNeg     . . .     Spirit   .   b - +0 leather armour
rPois    .         Reflect  .   c - +0 helmet
rElec    .         Harm     .   (no cloak)
rCorr    .         Rampage  .   (no gloves)
Will     .....                  (no boots)
Stlth    +.........             (no amulet)
HPRegen  0.11/turn              (no ring)
MPRegen  0.09/turn              (no ring)

@: no status effects
A: change form in water, swift swim, stealthy swim
a: no special abilities


You were on level 3 of the Dungeon.
You visited 1 branch of the dungeon, and saw 3 of its levels.

You collected 52 gold pieces.

Inventory:

Hand Weapons
 a - a +0 trident (weapon)
Missiles
 d - 3 throwing nets (quivered) {!f}
Armour
 b - a +0 leather armour (worn)
 c - a +0 helmet (worn)
Scrolls
 h - a scroll of noise
 n - a scroll of random uselessness
Potions
 e - a potion of brilliance {unknown}
 g - a potion of lignification {unknown}
 i - 2 potions of curing
 j - 2 potions of degeneration
 m - a potion of experience {unknown}
 o - a potion of flight {unknown}
 p - a potion of mutation {unknown}


   Skills:
 + Level 3.2 Fighting
 - Level 2.7 Short Blades
 - Level 5.0 Polearms
 - Level 2.0 Throwing
 - Level 5.0 Dodging


You had 3 spell levels left.
You didn't know any spells.
Your spell library contained the following spells:

 Spells                   Type           Power        Failure   Level
 Confusing Touch          Hex            0%           91%         3
 Gell's Gravitas          Tloc           0%           91%         3
 Petrify                  Tmut/Erth      0%           100%        4
 Metabolic Englaciation   Hex/Ice        0%           100%        5
 Yara's Violent Unravell  Hex/Tmut       0%           100%        5


Dungeon Overview and Level Annotations

Branches:
Dungeon (3/15)

Altars:
Fedhas
Okawaru
Qazlal
Wu Jian
Xom
The Shining One


Message History

The orc priest is almost dead.
The orc priest invokes the aid of Beogh against you.
Pain shoots through your body!
Reach: a) +0 trident
Press: ? - help, Dir - move target, f/p - orc priest
Aim: an orc priest, wielding a +0 trident and wearing a +0 scale mail (almost dead)
You reach to attack!
You barely miss the orc priest.
The orc priest is almost dead.
The orc priest invokes the aid of Beogh against you.
Pain shoots through your body!
* * * LOW HITPOINT WARNING * * *
Unknown command.
Reach: a) +0 trident
Press: ? - help, Dir - move target, f/p - orc priest
Aim: an orc priest, wielding a +0 trident and wearing a +0 scale mail (almost dead)
You reach to attack!
You barely miss the orc priest.
The orc priest is almost dead.
The orc priest calls down the wrath of Beogh upon you.
Beogh smites you!
You die...

####### #
#######.....##
...
#......).....#
#....
#.......###..#
..###
#)####### #..#
..... #@# #..#
#.### #)# #o.#
o.# #.o# #$##
##.# #o.# ....
... #... #.##
### ##.#.
#.#.# #.# #
...


You could see an orc priest.

Vanquished Creatures
  An orc priest (D:3)
  An adder (D:2)
  An ooze (D:1)
  A worm (D:2)
  6 orcs (D:3)
  5 bats (D:1)
  A giant cockroach (D:1)
  2 goblins (D:1)
  7 hobgoblins
  2 jackals (D:2)
  A ball python (D:1)
  6 frilled lizards
  6 kobolds
  8 rats
48 creatures vanquished.

Notes
Turn   | Place    | Note
-------+----------+-------------------------------------------
     0 | D:1      | sahdkjhfkaj the Merfolk Gladiator began the quest for the
                  | Orb.
     0 | D:1      | Reached XP level 1. HP: 16/16 MP: 1/1
   181 | D:1      | Reached XP level 2. HP: 23/23 MP: 2/2
   201 | D:1      | Found a glowing golden altar of the Shining One.
   360 | D:1      | Reached skill level 5 in Polearms
   405 | D:1      | You fall into a shaft and drop 1 floor!
   415 | D:2      | Reached skill level 1 in Short Blades
   604 | D:2      | Reached XP level 3. HP: 26/29 MP: 3/3
   649 | D:2      | Found a stormy altar of Qazlal.
   682 | D:2      | Found a blossoming altar of Fedhas.
   768 | D:2      | Found an ornate altar of the Wu Jian Council.
   771 | D:2      | Found a glowing golden altar of the Shining One.
   773 | D:2      | Found an iron altar of Okawaru.
   787 | D:2      | Found a faded altar of an unknown god.
  1610 | D:2      | Found a shimmering altar of Xom.
  2308 | D:3      | Reached XP level 4. HP: 32/35 MP: 4/4
  2345 | D:3      | Reached skill level 5 in Dodging
  2516 | D:3      | Killed from afar by an orc priest

Illustrated notes

Levels and vault maps discovered:
D:1:      minmay_arrival_widening_spiral_wide, layout_loops_corners, tso_altar
D:2:      layout_basic, lemuel_coloured_pillars_altar,
          nicolae_overflow_hidden_temple,
          chequers_ecumenical_altar_simple_redux, okawaru_gym_becter
D:3:      layout_loops_ring, old_standard_altar, cheibrodos_sewer_entry_bend

Skill      XL: |  1  2  3  4 |
---------------+-------------+-----
Fighting       | 3 |  3.2
Polearms       | 5 |  5.0
Short Blades   | 1 2 |  2.7
Dodging        | 5 |  5.0
Throwing       | |  2.0

Action                   |  1- 3 |  4- 6 || total
-------------------------+-------+-------++-------
Melee: Trident           |   115 |    40 ||   155
  Use: Scroll            |     4 |     1 ||     5
       Potion            |       |     2 ||     2
 Stab: Sleeping          |     3 |       ||     3
Armor: Leather armour    |    20 |     7 ||    27
Dodge: Dodged            |    54 |    28 ||    82

Table legend: (Time is in decaauts)
 A = Elapsed time spent in this place.
 B = Non-inter-level travel time spent in this place.
 C = Inter-level travel time spent in this place.
 D = Time resting spent in this place.
 E = Time spent auto-exploring this place.
 F = Levels seen in this place.
 G = Mean time per level.
                   A        B        C        D        E       F      G
               +--------+--------+--------+--------+--------+-----+--------+
         Total |   2525 |   2350 |    175 |     41 |   2015 |   3 |  841.7 |
       Dungeon |   2525 |   2350 |    175 |     41 |   2015 |   3 |  841.7 |
               +--------+--------+--------+--------+--------+-----+--------+

Top non-repeatable levels by time:
     D:2: 1340 daAuts
     D:1: 958 daAuts
     D:3: 226 daAuts
